 Dungeon Sprint DCSS version 0.27-a0-93-g19769c27d7 (webtiles) character file.

Game seed: 40193679362463184

592 mhtbhm the Fighter (level 7, -10/72 HPs)
             Began as a Yellow Draconian Berserker on Jan 17, 2021.
             Was a Priest of Trog.
             Mangled by a sixfirhy (11 damage)
             ... summoned by a kobold demonologist
             ... in the Dungeon (Sprint I: "Red Sonja").
             The game lasted 00:00:56 (577 turns).

mhtbhm the Fighter (Yellow Draconian Berserker)      Turns: 577, Time: 00:00:56

Health: -10/72     AC:  6    Str: 21    XL:     7   Next: 16%
Magic:  7/7        EV: 16    Int:  7    God:    Trog [***...]
Gold:   405        SH:  0    Dex: 11    Spells: 6/6 levels left

rFire    . . .     SeeInvis .   a - +0 mace
rCold    . . .     Faith    .   (no shield)
rNeg     . . .     Spirit   .   (armour unavailable)
rPois    .         Reflect  .   (helmet restricted)
rElec    .         Harm     .   (no cloak)
rCorr    +         Rampage  .   (no gloves)
Will     .....     NoTele   +   (no boots)
Stlth    +.........             (no amulet)
HPRegen  0.22/turn              (no ring)
MPRegen  0.10/turn              (no ring)

@: berserk cooldown, slowed, very slow
A: spit acid, unfitting armour, cold-blooded, acid resistance, AC +6
a: Breathe Acid, Renounce Religion, Berserk, Trog's Hand


You were in the Dungeon.
You worshipped Trog.
Trog was most pleased with you.
You visited 1 branch You collected 405 gold pieces.

Inventory:

Hand Weapons
 a - a +0 mace (weapon)
Wands
 h - a wand of polymorph (5)
 i - a wand of paralysis (7)
Scrolls
 g - a scroll of blinking
Potions
 b - a potion of lignification {unknown}
 c - 3 potions of heal wounds
 d - a potion of haste
 e - 2 potions of magic
 f - a potion of berserk rage


   Skills:
 + Level 10.1 Fighting
 + Level 9.8 Maces & Flails
 + Level 8.5 Dodging
 + Level 0.8 Stealth


You had 6 spell levels left.
You didn't know any spells.
Your spell library was empty.

Dungeon Overview and Level Annotations

Branches:
Dungeon (1/1)

Altars:
Cheibriados
Dithmenos
Elyvilon
Fedhas
Gozag
Hepliaklqana
Kikubaaqudgha
Makhleb
Nemelex Xobeh
Okawaru
Qazlal
Ru
Sif Muna
Trog
Uskayaw
Vehumet
Wu Jian
Xom
Yredelemnul
Zin
The Shining One
Jiyva
Lugonu

Shops:
D (


Innate Abilities, Weirdness & Mutations

You can spit globs of acid.
Your golden yellow scales are hard. (AC +6)
You cannot fit into any form of body armour.
You are cold-blooded and may be slowed by cold attacks.
You are resistant to acid. (rCorr)


Message History

You feel yourself slow down.
Unknown command.
You barely miss the kobold demonologist.
The kobold demonologist misses you.
The kobold demonologist gestures wildly while chanting.
The kobold demonologist mumbles some strange words.
The kobold demonologist hits you but does no damage.
You barely miss the kobold demonologist.
The kobold demonologist hits you but does no damage.
The kobold demonologist mumbles some strange words.
Unknown command.
Unknown command.
You hit the kobold demonologist but do no damage.
The sixfirhy hits you. The sixfirhy shocks you! The sixfirhy hits you!
The sixfirhy shocks you!
* * * LOW HITPOINT WARNING * * *
The sixfirhy hits you!
* * * LOW HITPOINT WARNING * * *
The sixfirhy shocks you!
You die...

#####################
.)..#..'..#__#.3@K35#
.#..)..#..'..'..#K3.#
###'#####'#__####53.+
##..#...#.#### ####
_####..##.#
____##'#_.+
.∩...'..._#
..__##_.#'#
____###+#)#


You could see a sun demon (summoned), 2 kobold demonologists, a sixfirhy
(summoned), a smoke demon (summoned), a ynoxinul (summoned) and 2 shadow imps.

Vanquished Creatures
  A slime creature (D)
  A yak (D)
  A floating eye (D)
  An ogre (D)
  2 jellies (D)
  Ijyb (D)
7 creatures vanquished.

Notes
Turn   | Place    | Note
-------+----------+-------------------------------------------
     0 | D        | mhtbhm the Draconian Berserker began the quest for the Orb.
     0 | D        | Reached XP level 1. HP: 19/19 MP: 1/1
     1 | D        | Noticed Ijyb
     7 | D        | Killed Ijyb
     8 | D        | Reached skill level 5 in Fighting
     8 | D        | Reached XP level 2. HP: 29/29 MP: 2/2
    46 | D        | Noticed an ogre
    49 | D        | Killed an ogre
    50 | D        | Reached skill level 6 in Fighting
    50 | D        | Reached skill level 5 in Dodging
    50 | D        | Reached XP level 3. HP: 38/38 MP: 3/3
    50 | D        | Reached XP level 4. HP: 45/45 MP: 4/4
    54 | D        | Noticed Sigmund
    62 | D        | Noticed Sigmund
    66 | D        | Killed Sigmund the jelly
    66 | D        | Reached ** piety under Trog
    67 | D        | Reached skill level 7 in Fighting
    67 | D        | Reached XP level 5. HP: 35/52 MP: 5/5
   216 | D        | Found an ornate altar of the Wu Jian Council.
   216 | D        | Found a shimmering blue altar of Sif Muna.
   218 | D        | Found a radiant altar of Vehumet.
   275 | D        | Found Muzuorroe's Antique Weapon Emporium.
   275 | D        | Found an ancient bone altar of Kikubaaqudgha.
   275 | D        | Found a hazy altar of Hepliaklqana.
   275 | D        | Found a stormy altar of Qazlal.
   275 | D        | Found a hide-covered altar of Uskayaw.
   275 | D        | Found a blossoming altar of Fedhas.
   275 | D        | Found a bloodstained altar of Trog.
   275 | D        | Found an iron altar of Okawaru.
   275 | D        | Found a basalt altar of Yredelemnul.
   275 | D        | Found a glowing golden altar of the Shining One.
   275 | D        | Found a snail-covered altar of Cheibriados.
   275 | D        | Found a sacrificial altar of Ru.
   275 | D        | Found a glowing silver altar of Zin.
   275 | D        | Found a shadowy altar of Dithmenos.
   275 | D        | Found a white marble altar of Elyvilon.
   275 | D        | Noticed a yak
   282 | D        | Killed a yak
   283 | D        | Reached skill level 8 in Fighting
   283 | D        | Reached XP level 6. HP: 19/62 MP: 6/6
   284 | D        | Found an opulent altar of Gozag.
   300 | D        | Found a sparkling altar of Nemelex Xobeh.
   507 | D        | Found a burning altar of Makhleb.
   507 | D        | Found a viscous altar of Jiyva.
   507 | D        | Found a shimmering altar of Xom.
   507 | D        | Found a corrupted altar of Lugonu.
   507 | D        | Noticed a slime creature
   515 | D        | Killed a slime creature
   516 | D        | Reached skill level 9 in Fighting
   558 | D        | Noticed a kobold demonologist
   558 | D        | Noticed a floating eye
   560 | D        | Noticed a ynoxinul
   560 | D        | Noticed a kobold demonologist
   562 | D        | Paralysed by a floating eye for 3 turns
   570 | D        | Killed a floating eye
   570 | D        | Reached *** piety under Trog
   571 | D        | Reached skill level 10 in Fighting
   571 | D        | Your scales start taking on a golden yellow colour.
   571 | D        | Reached XP level 7. HP: 65/72 MP: 7/7
   571 | D        | Gained mutation: You are resistant to acid. (rCorr) [Yellow
                  | Draconian growth]
   572 | D        | Noticed a smoke demon
   576 | D        | Noticed a ynoxinul
   576 | D        | Noticed a sixfirhy
   577 | D        | Noticed a sun demon
   577 | D        | HP: 1/72 [sixfirhy[a kobold demonologist] (11)]
   577 | D        | Mangled by a sixfirhy

Illustrated notes

Levels and vault maps discovered:
D:        dungeon_sprint_1 [red_sonja_temple_1, red_sonja_temple_small_1]

Skill      XL: |  1  2  3  4  5  6 |
---------------+-------------------+-----
Fighting       | 5 6 7 8 10 | 10.1
Maces & Flails | 4 6 8 9 |  9.8
Dodging        | 4 5 7 8 |  8.5
Stealth        | |  0.8

Action                   |  1- 3 |  4- 6 |  7- 9 || total
-------------------------+-------+-------+-------++-------
Melee: Mace              |     6 |    30 |     7 ||    43
       Tailslap          |       |     3 |       ||     3
Invok: Berserk           |     2 |     2 |       ||     4
Evoke: Wand              |       |     1 |       ||     1
  Use: Potion            |       |     1 |       ||     1
Armor: Skin              |       |    11 |     3 ||    14
Dodge: Dodged            |     2 |    15 |     1 ||    18

Table legend: (Time is in decaauts)
 A = Elapsed time spent in this place.
 B = Non-inter-level travel time spent in this place.
 C = Inter-level travel time spent in this place.
 D = Time resting spent in this place.
 E = Time spent auto-exploring this place.
 F = Levels seen in this place.
 G = Mean time per level.
                   A        B        C        D        E       F      G
               +--------+--------+--------+--------+--------+-----+--------+
         Total |    597 |    597 |      0 |    427 |      1 |   1 |  597.0 |
       Dungeon |    597 |    597 |      0 |    427 |      1 |   1 |  597.0 |
               +--------+--------+--------+--------+--------+-----+--------+

Top non-repeatable levels by time:
       D: 597 daAuts
